Description

P v Z max pax

Build Order

Why is there no SALT encoding or Overwolf build?

  14  0:19  Pylon  
  16  0:40  Gateway  
  17  0:51  Assimilator  
  20  1:29  Nexus  
  20  1:39  Cybernetics Core  
  21  1:48  Assimilator  
  22  1:57  Pylon  
  25  2:16  Adept  
  27  2:18  Warp Gate  
  28  2:34  Stargate  
  30  2:47  Stalker  
  35  3:02  Gateway  
  38  3:17  Oracle (Chrono Boost)  
  42  3:25  Adept  
  46  3:32  Pylon  
  51  3:50  Oracle  
  51  3:54  Pylon  
  51  3:57  Nexus  
  52  4:04  Templar Archives  
  55  4:19  Gateway x2  
  59  4:26  Adept  
  61  4:38  Assimilator x2  
  62  4:40  Resonating Glaives  
  62  5:07  Forge  
  62  5:08  Pylon  
  63  5:09  Adept x3  
      Blink  
      Forge  
      Robotics Facility  
      Charge  
      Warp Prism  
      Robotics Bay  
      Templar Archives  
Spawning Tool Build Advisor. Get it on Overwolf

Go to:

Details

  • Created by: Azzran
  • Published on: May 30, 2023
  • Modified on: May 30, 2023
  • Patch: 5.0.11
  • Difficulty: Medium
Show

Export as new Build Order

Comments (0)

There are no comments. Be the first!

Create an account to comment!